 Dungeon Sprint DCSS version 0.19-a0-996-g3cba913 (webtiles) character file.

1792 Musica the Unseen (level 8, -3/42 HPs)
             Began as a Spriggan Assassin on July 17, 2016.
             Was an Initiate of Hepliaklqana.
             Slain by a deep troll (7 damage)
             ... in the Dungeon (Sprint I: "Red Sonja").
             The game lasted 00:08:25 (852 turns).

Musica the Unseen (Spriggan Assassin)                Turns: 852, Time: 00:08:25

Health: -3/42      AC:  7    Str:  7    XL:     8   Next: 82%
Magic:  13/13      EV: 16    Int: 13    God:    Hepliaklqana [......]
Gold:   355        SH:  7    Dex: 19    Spells: 0 memorised, 7 levels left

rFire  . . .     SeeInvis +     a - +2 dagger
rCold  . . .     Gourm    .     n - +2 robe {Archmagi}
rNeg   . . .     Faith    .     u - +2 buckler
rPois  .         Spirit   .     (helmet restricted)
rElec  .         Dismiss  .     d - +0 cloak
rCorr  .         Reflect  .     (gloves unavailable)
SustAt .         Harm     .     (boots unavailable)
MR     +....     NoTele   +     (no amulet)
Stlth  +++++++++.               (no ring)
                                v - +2 ring of protection

@: very quick, somewhat resistant to hostile enchantments, incredibly stealthy
A: unfitting armour, see invisible, herbivore 3, speed 3, slow metabolism 2
a: Recall Ancestor, Ancestor Identity, Renounce Religion


You were in the Dungeon.
You worshipped Hepliaklqana.
Hepliaklqana was noncommittal.
You were not hungry.

You visited 1 branch You collected 702 gold pieces.
You spent 347 gold pieces at shops.

Inventory:

Hand Weapons
 a - a +2 dagger (weapon)
 b - a +1 blowgun
 h - a +0 short sword of distortion
Missiles
 e - 3 poisoned needles
 f - 8 curare-tipped needles
Armour
 c - a +0 robe
 d - a +0 cloak (worn)
 n - a +2 robe of the Archmagi (worn)
 u - a +2 buckler (worn)
Jewellery
 v - a +2 ring of protection (left hand)
Wands
 q - a wand of iceblast (0/15)
Scrolls
 m - a scroll of blinking
Potions
 j - 2 potions of haste
 k - 2 potions of magic
 p - 2 potions of curing
 t - a potion of cancellation
Comestibles
 g - a bread ration


   Skills:
 + Level 4.9 Fighting
 + Level 7.3 Short Blades
 + Level 9.5 Throwing
 - Level 1.5 Dodging
 + Level 20.2 Stealth
 * Level 6.0 Invocations


You had 7 spell levels left.
You didn't know any spells.

Dungeon Overview and Level Annotations

Branches:
Dungeon (1/1)

Altars:
Cheibriados
Dithmenos
Elyvilon
Fedhas
Gozag
Hepliaklqana
Kikubaaqudgha
Makhleb
Nemelex Xobeh
Okawaru
Pakellas
Qazlal
Ru
Sif Muna
Trog
Uskayaw
Vehumet
Xom
Yredelemnul
Zin
The Shining One
Jiyva

Shops:
D *[


Innate Abilities, Weirdness & Mutations

You are tiny and cannot use many weapons and most armour.
You have supernaturally acute eyesight. (SInv)
You are a herbivore.
You cover ground extremely quickly.
You need consume almost no food.


Message History

You closely miss the deep troll.
The deep troll is almost dead.
The deep troll bites you. The deep troll claws you. The deep troll claws you!
Unknown command.
You hit the deep troll but do no damage.
The deep troll is almost dead.
You hit the deep troll.
The deep troll is almost dead.
The deep troll bites you!
* * * LOW HITPOINT WARNING * * *
The deep troll closely misses you. The deep troll barely misses you.
You feel much better. The deep troll misses you.
The deep troll claws you but does no damage.
The deep troll claws you!
You hit the deep troll but do no damage.
The deep troll is almost dead.
The deep troll bites you!!
* * * LOW HITPOINT WARNING * * *
The deep troll closely misses you. The deep troll claws you!
You die...

#..#####'#####'#__
#..####..#...#(###
#..#__####..##.#
#.)#_____##'#..+
#⌠⌠#_.∩...'..._#
####_._._##_.#'#
#_____###'#(#
############.####+
#@T..(....'.(.'$((
###++++####..)####
###.### #.#'#.#
#.....# #.([..#
#######


You could see a deep troll.

Vanquished Creatures
  Sonja (D)
  2 kobold demonologists (D)
  Sigmund (D)
  A yak (D)
  A giant eyeball (D)
  An ogre (D)
  A jelly (D)
  Ijyb (D)
  A giant spore (D)
10 creatures vanquished.

Vanquished Creatures (collateral kills)
  A slime creature (D)
1 creature vanquished.

Vanquished Creatures (others)
  3 ancestors (D)
  A giant spore (D)
4 creatures vanquished.

Grand Total: 15 creatures vanquished

Notes
Turn   | Place    | Note
-------+----------+-------------------------------------------
     0 | D        | Musica the Spriggan Assassin began the quest for the Orb.
     0 | D        | Reached XP level 1. HP: 10/10 MP: 2/2
     3 | D        | Noticed Ijyb
    21 | D        | Killed Ijyb
    21 | D        | Reached skill level 9 in Stealth
    21 | D        | Reached XP level 2. HP: 14/15 MP: 3/3
    38 | D        | Noticed an ogre
    56 | D        | Killed an ogre
    56 | D        | Reached skill level 12 in Stealth
    56 | D        | Reached XP level 3. HP: 19/19 MP: 4/4
    56 | D        | Reached XP level 4. HP: 23/23 MP: 5/5
    76 | D        | Noticed Sigmund
    86 | D        | Killed Sigmund
    86 | D        | Reached skill level 5 in Throwing
    86 | D        | Reached skill level 15 in Stealth
    86 | D        | Reached XP level 5. HP: 27/28 MP: 6/6
   133 | D        | Found a deep blue altar of Sif Muna.
   135 | D        | Found a radiant altar of Vehumet.
   139 | D        | Reached XP level 6. HP: 32/32 MP: 7/7
   168 | D        | Found Bull's Antique Armour Emporium.
   168 | D        | Found a white marble altar of Elyvilon.
   168 | D        | Found a stormy altar of Qazlal.
   168 | D        | Found a burning altar of Makhleb.
   168 | D        | Found a sacrificial altar of Ru.
   168 | D        | Found a hazy altar of Hepliaklqana.
   168 | D        | Found an oddly glowing altar of Pakellas.
   168 | D        | Found a hide-covered altar of Uskayaw.
   168 | D        | Found a basalt altar of Yredelemnul.
   168 | D        | Found a glowing golden altar of the Shining One.
   168 | D        | Found a sparkling altar of Nemelex Xobeh.
   168 | D        | Found a shimmering altar of Xom.
   168 | D        | Found an opulent altar of Gozag.
   168 | D        | Found an ancient bone altar of Kikubaaqudgha.
   168 | D        | Found a glowing silver altar of Zin.
   168 | D        | Noticed a yak
   169 | D        | Found an iron altar of Okawaru.
   170 | D        | Killed a yak
   170 | D        | Reached skill level 5 in Short Blades
   170 | D        | Reached skill level 16 in Stealth
   171 | D        | Found a bloodstained altar of Trog.
   176 | D        | Became a worshipper of Hepliaklqana
   189 | D        | Noticed Sonja
   198 | D        | Killed Sonja
   198 | D        | Reached skill level 18 in Stealth
   198 | D        | Reached XP level 7. HP: 15/37 MP: 7/11
   440 | D        | Found a snail-covered altar of Cheibriados.
   440 | D        | Found a viscous altar of Jiyva.
   440 | D        | Found a shadowy altar of Dithmenos.
   440 | D        | Found a blossoming altar of Fedhas.
   440 | D        | Noticed a slime creature
   465 | D        | Killed a slime creature
   465 | D        | Reached skill level 19 in Stealth
   465 | D        | Reached XP level 8. HP: 16/42 MP: 12/12
   696 | D        | Noticed a kobold demonologist
   697 | D        | Noticed a kobold demonologist
   699 | D        | Killed a kobold demonologist
   699 | D        | Reached skill level 5 in Invocations
   701 | D        | Killed a kobold demonologist
   701 | D        | Reached skill level 20 in Stealth
   710 | D        | Noticed a demonic crawler
   710 | D        | Noticed a demonic crawler
   710 | D        | Noticed a demonic crawler
   710 | D        | Noticed a demonic crawler
   738 | D        | Found Ymips's Assorted Antiques.
   746 | D        | Bought a scroll labeled CEEQIE ITWU for 18 gold pieces
   746 | D        | Bought a scroll labeled IZIELI VUUJEFEDA for 18 gold pieces
   746 | D        | Bought a curved brass wand for 72 gold pieces
   746 | D        | Bought a scroll labeled NIMMOGIURI for 18 gold pieces
   746 | D        | Bought a scroll labeled TEASSI XOJO for 18 gold pieces
   746 | D        | Bought a bubbling brown potion for 16 gold pieces
   746 | D        | Bought a runed buckler for 81 gold pieces
   746 | D        | Bought a scratched garnet ring for 90 gold pieces
   746 | D        | Bought a murky dark potion for 16 gold pieces
   816 | D        | Noticed a deep troll
   852 | D        | Slain by a deep troll

Vault maps used:
D:        dungeon_sprint_1

Skill      XL: |  1  2  3  4  5  6  7  8 |
---------------+-------------------------+-----
Fighting       | 2 3 4 |  4.9
Throwing       | 3 4 5 6 8 9 |  9.5
Stealth        | 9 12 15 18 19 20 | 20.2
Short Blades   | 3 4 6 7 |  7.3
Invocations    | 4 6 |  6.0
Dodging        | |  1.5

Action                   |  1- 3 |  4- 6 |  7- 9 || total
-------------------------+-------+-------+-------++-------
Melee: Dagger            |     7 |     2 |    16 ||    25
 Fire: Blowgun           |    11 |     7 |    13 ||    31
Evoke: Wand              |       |       |     2 ||     2
  Use: Potion            |       |     1 |     3 ||     4
       Scroll            |       |       |     5 ||     5
 Stab: Sleeping          |       |     2 |     3 ||     5
Armor: Robe              |       |     1 |     2 ||     3
Dodge: Dodged            |     2 |     3 |     5 ||    10
